 Dungeon Crawl Stone Soup version 0.31-a0-361-g0f8bd3a31e (webtiles) character file.

Game seed: 13785136269297741894

2321 AdnanSaban the Basher (level 9, 0/55 HPs)
             Began as a Gargoyle Fighter on July 27, 2023.
             Was an Initiate of Okawaru.
             Slain by an orc
             ... wielding a +0 trident
              (5 damage)
             ... on level 8 of the Dungeon.
             The game lasted 00:06:05 (6338 turns).

AdnanSaban the Basher (Gargoyle Fighter)            Turns: 6338, Time: 00:06:06

Health: 0/55       AC: 23    Str: 24    XL:     9   Next: 41%
Magic:  9/9        EV:  7    Int:  9    God:    Okawaru [......]
Gold:   457        SH:  5    Dex:  9    Spells: 8/8 levels left

rFire   . . .        b - +0 whip (elec)
rCold   + . .        c - +0 buckler
rNeg    + . .        z - +0 plate armour
rPois   ∞            (no helmet)
rElec   +            B - scarf {repulsion}
rCorr   .            (no gloves)
SInv    .            (no boots)
Will    .....        (no amulet) Stlth
                     i - +4 ring of protection
HPRegen 0.29/turn    p - ring of protection from cold
MPRegen 0.11/turn

%: repel missiles
@: weakened
A: sickness immunity, AC +6, negative energy resistance 1, electricity
resistance, torment resistance 1, petrification resistance
a: Renounce Religion


You were on level 8 of the Dungeon.
You worshipped Okawaru.
Okawaru was noncommittal.
You visited 2 branches of the dungeon, and saw 9 of its levels.

You collected 457 gold pieces.

Inventory:

Hand Weapons
 b - a +0 whip of electrocution (weapon)
Missiles
 a - 5 boomerangs (quivered)
Armour
 c - a +0 buckler (worn)
 z - a +0 plate armour (worn)
 B - a scarf of repulsion (worn)
Jewellery
 i - a +4 ring of protection (left hand)
 p - a ring of protection from cold (right hand)
 t - a ring of willpower
Scrolls
 e - 3 scrolls of immolation {unknown}
 g - 2 scrolls of noise {unknown}
 h - 4 scrolls of identify {unknown}
 k - 2 scrolls of enchant weapon {unknown}
 q - a scroll of poison {unknown}
 r - 2 scrolls of fog {unknown}
 s - a scroll of acquirement {unknown}
 u - 2 scrolls of teleportation {unknown}
 w - a scroll of fear {unknown}
 y - 2 scrolls of brand weapon {unknown}
 A - a scroll of blinking {unknown}
Potions
 d - a potion of might
 f - 2 potions of invisibility {unknown}
 j - a potion of brilliance {unknown}
 l - a potion of attraction {unknown}
 m - 5 potions of mutation {unknown}
 n - a potion of resistance {unknown}
 o - 2 potions of curing {unknown}
 v - 2 potions of lignification {unknown}
 x - 2 potions of degeneration {unknown}


   Skills:
 + Level 6.1 Fighting
 + Level 8.2 Maces & Flails
 + Level 0.4 Throwing
 + Level 7.2 Armour
 + Level 2.6 Dodging
 + Level 5.6 Shields


You had 8 spell levels left.
You didn't know any spells.
Your spell library contained the following spells:

 Spells                   Type           Power      Damage    Failure   Level
 Slow                     Hex            0%         N/A       100%        1
 Confusing Touch          Hex            0%         N/A       100%        3
 Ignite Poison            Fire/Tmut/Pois 0%         N/A       100%        3
 Vampiric Draining        Necr           0%         2d6       100%        3
 Volatile Blastmotes      Fire/Tloc      0%         2d10      100%        3
 Fulminant Prism          Conj/Hex       0%         3d5       100%        4
 Iskenderun's Mystic Bla  Conj/Tloc      0%         2d3       100%        4
 Passage of Golubria      Tloc           0%         N/A       100%        4
 Borgnjor's Vile Clutch   Necr/Erth      0%         N/A       100%        5
 Freezing Cloud           Conj/Ice/Air   0%         6-21      100%        5
 Silence                  Hex/Air        0%         N/A       100%        5
 Lehudib's Crystal Spear  Conj/Erth      0%         10d2      100%        8
 Cigotuvi's Dreadful Rot  Necr/Pois/Air  Unusable   N/A       N/A         2
 Animate Dead             Necr           Unusable   N/A       N/A         4
 Death Channel            Necr           Unusable   N/A       N/A         6

Dungeon Overview and Level Annotations

Branches:
Dungeon (8/15)             Temple (1/1) D:5
   Lair: D:8-11

Altars:
Ashenzari
Cheibriados
Dithmenos
Elyvilon
Fedhas
Gozag
Hepliaklqana
Kikubaaqudgha
Makhleb
Nemelex Xobeh
Okawaru
Qazlal
Ru
Sif Muna
Trog
Uskayaw
Vehumet
Xom
Yredelemnul
The Shining One

Shops:
D:4 ?

Annotations:
D:7 1 runed translucent door, Crazy Yiuf


Innate Abilities, Weirdness & Mutations

You are immune to sickness and miasma.
Your stone body is resilient. (AC +6)
You are immune to poison.
You resist negative energy. (rN+)
You are resistant to electric shocks. (rElec)
You are resistant to unholy torment.
You are immune to petrification.


Message History

The orc hits you but does no damage. You block the orc's attack.
The gnoll bouda barely misses you.
You hit the wyvern.
The wyvern is lightly wounded.
The wyvern bites you but does no damage.
You block the orc's attack. The orc hits you but does no damage.
You hit the wyvern but do no damage.
The wyvern is lightly wounded.
The wyvern bites you!
You are too injured to fight recklessly!
You are too injured to fight recklessly!
You are too injured to fight recklessly!
You are too injured to fight recklessly!
You are too injured to fight recklessly!
You are too injured to fight recklessly!
You are too injured to fight recklessly!
You are too injured to fight recklessly!
The orc barely misses you. x2; The wyvern barely misses you.
The wyvern attacks as you move away! The wyvern bites you!
The gnoll bouda gazes fiercely through you!
You feel your attacks grow feeble. The orc hits you but does no damage. x2
The orc attacks as you move away! You block the orc's attack.
The gnoll bouda attacks as you move away!
You block the gnoll bouda's attack. The orc hits you with a +0 trident.
* * * LOW HITPOINT WARNING * * *
The gnoll barely misses you. The orc attacks as you move away!
You block the orc's attack. x2
The gnoll hits you but does no damage. The orc attacks as you move away!
The orc barely misses you. The orc hits you but does no damage.
The wyvern bites you!
* * * LOW HITPOINT WARNING * * *
You hit the wyvern but do no damage. Lightning courses through the wyvern!
The wyvern is heavily wounded.
The orc barely misses you. The orc hits you but does no damage.
The wyvern bites you but does no damage.
The orc attacks as you move away! The orc barely misses you.
The wyvern barely misses you.
The orc hits you from afar with a +0 trident.
You die...

...........#
...........
##........##
#..........#
###..........#
.............#
#......o...#
###.....g....#
.......@log..#
#.......)....#
#....#..<.)..#
#..# ####)####
.. #.# . #.#
#.# #.# #.#


You could see a wyvern, a gnoll bouda, a gnoll (swift) and 2 orcs.

Vanquished Creatures
  2 water moccasins
  An orc warrior (D:8)
  An ice beast (D:5)
  A sky beast (D:7)
  3 centaurs
  A phantom (D:5)
  2 kobold brigands
  A gnoll sergeant (D:6)
  4 bullfrogs
  3 scorpions
  4 wights (D:6)
  A howler monkey (D:6)
  2 hounds
  A jelly (D:7)
  A gnoll bouda (D:5)
  An orc priest (D:6)
  4 iguanas
  A sleepcap (D:6)
  3 orc wizards
  11 gnolls
  5 adders
  A shadow imp (D:6)
  2 white imps
  An ufetubus (D:5)
  2 worms
  4 dart slugs
  23 orcs
  6 endoplasms
  A giant cockroach (D:2)
  7 goblins
  7 hobgoblins
  2 jackals (D:1)
  13 kobolds
  3 quokkas
  12 ball pythons
  6 bats
  2 frilled lizards
  5 rats
150 creatures vanquished.

Notes
Turn   | Place    | Note
-------+----------+-------------------------------------------
     0 | D:1      | AdnanSaban the Gargoyle Fighter began the quest for the
                  | Orb.
     0 | D:1      | Reached XP level 1. HP: 14/14 MP: 1/1
    98 | D:1      | Reached XP level 2. HP: 12/19 MP: 2/2
   527 | D:1      | Reached XP level 3. HP: 24/24 MP: 3/3
  1066 | D:2      | Reached XP level 4. HP: 29/29 MP: 4/4
  1659 | D:3      | Reached skill level 3 in Maces & Flails
  1904 | D:3      | Reached XP level 5. HP: 9/33 MP: 5/5
  2503 | D:4      | Found Zeedoce's Magic Scroll Shoppe.
  2934 | D:5      | Entered Level 5 of the Dungeon
  2976 | D:5      | Noticed a phantom
  3221 | D:4      | Reached skill level 1 in Dodging
  3256 | D:5      | Reached XP level 6. HP: 38/38 MP: 6/6
  3363 | D:5      | Reached skill level 4 in Maces & Flails
  3461 | D:5      | Found a basalt altar of Yredelemnul.
  3553 | D:5      | Found a staircase to the Ecumenical Temple.
  3581 | Temple   | Entered the Ecumenical Temple
  3654 | D:5      | Reached skill level 5 in Armour
  3654 | D:5      | Reached XP level 7. HP: 44/44 MP: 7/7
  3677 | D:5      | Reached skill level 5 in Maces & Flails
  3939 | D:5      | Reached skill level 5 in Fighting
  4108 | D:6      | Reached skill level 6 in Maces & Flails
  4108 | D:6      | Reached XP level 8. HP: 46/49 MP: 8/8
  4200 | D:6      | Found a shimmering altar of Xom.
  4386 | D:6      | Reached skill level 5 in Shields
  4533 | D:6      | Reached skill level 7 in Maces & Flails
  5459 | D:7      | Reached XP level 9. HP: 46/55 MP: 9/9
  5667 | D:7      | Reached skill level 8 in Maces & Flails
  5671 | D:7      | Found a blossoming altar of Fedhas.
  5997 | D:7      | Found a runed translucent door.
  5998 | D:7      | Noticed Crazy Yiuf
  6125 | D:7      | Found an iron altar of Okawaru.
  6252 | D:7      | Became a worshipper of Warmaster Okawaru
  6338 | D:8      | Slain by an orc

Illustrated notes

Levels and vault maps discovered:
D:1:      wander_arrival_peaceful_grave, layout_loops_ring, minmay_tall_x
D:2:      layout_basic
D:3:      layout_rooms
D:4:      layout_gridville, serial_rivers, chequers_serial_rivers_small_3,
          chequers_serial_rivers_small_b, chequers_serial_rivers_small_3,
          chequers_serial_rivers_marsh, chequers_serial_rivers_room_b,
          serial_shops, nicolae_shop_rolled_up
D:5:      layout_basic, mainiacjoe_overflow_small_starburst,
          minmay_temple_entry_large_hall
D:6:      layout_basic, kennysheep_little_box, kennysheep_small_spiral,
          minivault_25
D:7:      layout_cave_pools, mainiacjoe_overflow_catch_the_wave,
          uniq_crazy_yiuf_cottage
D:8:      minmay_ornate_pinched, layout_rooms, serial_shops, shop_coins,
          hellmonk_bongcloud_opening, minmay_joined_circles, uniq_maurice
Temple:   lightli_temple_of_artemis

Skill      XL: |  1  2  3  4  5  6  7  8  9 |
---------------+----------------------------+-----
Fighting       | 4 5 6 |  6.1
Maces & Flails | 3 4 6 7 8 |  8.2
Armour         | 4 5 6 7 |  7.2
Shields        | 4 5 |  5.6
Dodging        | 1 2 |  2.6
Throwing       | |  0.4

Action                     |  1- 3 |  4- 6 |  7- 9 || total
---------------------------+-------+-------+-------++-------
  Melee: Flail             |   122 |   218 |       ||   340
         Whip              |       |    32 |   355 ||   387
  Throw: Boomerang         |       |       |     8 ||     8
 Armour: Scale mail        |    77 |   125 |       ||   202
         Chain mail        |       |    48 |    98 ||   146
         Plate armour      |       |       |   105 ||   105
  Dodge: Dodged            |    65 |   148 |   120 ||   333
  Block: Buckler           |    23 |    48 |    72 ||   143

Table legend: (Time is in decaauts)
 A = Elapsed time spent in this place.
 B = Non-inter-level travel time spent in this place.
 C = Inter-level travel time spent in this place.
 D = Time resting spent in this place.
 E = Time spent auto-exploring this place.
 F = Levels seen in this place.
 G = Mean time per level.
                   A        B        C        D        E       F      G
               +--------+--------+--------+--------+--------+-----+--------+
         Total |   6373 |   6058 |    315 |    291 |   4419 |   9 |  708.1 |
       Dungeon |   6372 |   6057 |    315 |    291 |   4419 |   8 |  796.5 |
        Temple |      1 |      1 |      0 |      0 |      0 |   1 |    1.0 |
               +--------+--------+--------+--------+--------+-----+--------+

Top non-repeatable levels by time:
     D:6: 1235 daAuts
     D:4: 1102 daAuts
     D:7: 869 daAuts
     D:5: 860 daAuts
     D:2: 841 daAuts
     D:1: 826 daAuts
     D:3: 591 daAuts
     D:8: 44 daAuts
  Temple: 1 daAuts
